Map: Agria Valley

Players

Ubik

  • Race: Terran Terran
  • Spawn Location: 5:00

A.I. 1 (Elite) - Winner!

  • Race: Zerg Zerg
  • Spawn Location: 11:00

VOD

Have the link to the VOD?

Description

Time

  • Played on: Jan. 22, 2020, 2:44 p.m.
  • Length: 3:50
Show
View Real Time Build Order
Export as new Build Order

Ubik Terran 

Build Orders:  

Get SALT Encoding   

  12  0:00  SCV  
  13  0:13  SCV  
  14  0:19  Supply Depot  
  14  0:25  Refinery  
  14  0:41  Barracks  
  14  0:55  Barracks  
  14  1:05  Supply Depot  
  14  1:19  Barracks  
  14  1:29  Barracks Reactor  
  14  1:35  SCV  
  15  1:51  Barracks Tech Lab  
  15  2:05  Marine x2  
  15  2:07  Marine  
  18  2:16  Combat Shield  
  18  2:21  Marine  
  19  2:23  Marine x2  
  19  2:27  Marine  
  22  2:36  Supply Depot  
  22  2:38  Marine  
  22  2:42  Marine  
  24  2:47  Marine  
  24  2:50  Marine  
  26  2:57  Marine  
  27  3:00  Marine  
  27  3:05  Marine  
  29  3:11  Marine  
  30  3:14  Marine  
  30  3:18  Marine  
  32  3:23  Marine  
  33  3:28  Marine  
Show
View Real Time Build Order
Export as new Build Order

A.I. 1 (Elite) Zerg - Winner!

Build Orders: Pool First 

Get SALT Encoding   

  12  0:00  Drone  
  13  0:12  Overlord  
  13  0:18  Drone  
  14  0:30  Drone x2  
  14  0:34  Drone  
  17  0:48  Spawning Pool  
  17  0:49  Drone  
  17  1:11  Hatchery  
  16  1:14  Drone  
  16  1:17  Extractor  
  16  1:20  Drone  
  16  1:25  Extractor, Drone  
  17  1:31  Drone  
  18  1:38  Drone  
  19  1:49  Overlord  
  19  1:58  Queen  
  21  2:04  Zergling x2  
  22  2:10  Drone  
  23  2:24  Queen  
  24  2:32  Drone  
  25  2:39  Drone  
  25  2:43  Drone  
  27  2:48  Drone  
  28  2:52  Drone  
  29  3:08  Roach Warren, Drone  
  29  3:11  Drone  
  30  3:14  Zergling x2  
  30  3:17  Zergling x2  
  32  3:23  Overlord  
  32  3:27  Drone  
  33  3:29  Drone  
Tags
 
Matchup
TvZ
Opening
Pool First
Spawn Locations
Cross Positions
Add a new tag
Caveats
  • Supply blocks, unpowered buildings, or Contaminate may cause inaccurate times.
  • Supply counts are checked every 10 seconds.